 Dungeon Crawl Stone Soup version 0.31.0-7-gf635a9b802 (webtiles) character file.

Game seed: 7662352498103311830

5 stipulation the Ruffian (level 1, -3/19 HPs)
             Began as a Ghoul Monk on Jan 24, 2024.
             Slain by a hobgoblin (4 damage)
             ... on level 1 of the Dungeon.
             The game lasted 00:00:07 (49 turns).

stipulation the Ruffian (Ghoul Monk)                  Turns: 49, Time: 00:00:07

Health: -3/19      AC:  2    Str: 14    XL:     1   Next: 80%
Magic:  1/1        EV: 12    Int:  9    God:
Gold:   0          SH:  0    Dex: 11    Spells: 0/0 levels left

rFire   . .          .
                       - Unarmed
rCold   + . .        c - orb {light}
rNeg    + + +        a - +0 robe
rPois   ∞            (no helmet)
rElec   .            (no cloak)
rCorr   .            (no gloves)
SInv    .            (no boots)
Will    .....        (no amulet)
Stlth   +            (no ring)
HPRegen 0.00/turn    (no ring)
MPRegen 0.07/turn

%: no passive effects
@: inhibited regen, glowing
A: claws 1, cold resistance 1, negative energy resistance 3, inhibited
regeneration, torment resistance 2, devour on kill
a: no special abilities


You were on level 1 of the Dungeon.
You visited 1 branch of the dungeon, and saw 1 of its levels.

Inventory:

Armour
 a - a +0 robe (worn)
 c - an orb of light (worn)
Potions
 b - a potion of ambrosia


   Skills:
 - Level 3.2 Fighting
 - Level 2.6 Dodging
 + Level 3.7 Unarmed Combat


You couldn't memorise any spells.
You didn't know any spells.
Your spell library was empty.

Dungeon Overview and Level Annotations

Branches:
Dungeon (1/15)

Altars:


Innate Abilities, Weirdness & Mutations

You are immune to poison.
You have sharp fingernails.
Your flesh is cold resistant. (rC+)
You are immune to negative energy. (rN+++)
You do not regenerate when monsters are visible.
You are immune to unholy pain and torment.
You thrive by killing the living.


Message History

You escape the ball python's grasp.
The bat misses you. The bat hits you but does no damage.
The bat barely misses you. The rat closely misses you.
You scratch the rat.
The rat is moderately wounded.
The bat barely misses you. The bat completely misses you.
The ball python misses you. The ball python closely misses you.
The rat closely misses you. The hobgoblin hits you.
* * * LOW HITPOINT WARNING * * *
You scratch the rat but do no damage.
The rat is moderately wounded.
The bat closely misses you. The ball python closely misses you.
The ball python barely misses you.
The rat twitches its whiskers.
The rat bites you.
* * * LOW HITPOINT WARNING * * *
The hobgoblin misses you.
You scratch the rat.
You kill the rat!
You feel better. The bat barely misses you. The ball python misses you.
The ball python barely misses you. The ball python bites you.
* * * LOW HITPOINT WARNING * * *
The ball python closely misses you. The hobgoblin barely misses you.
The ball python bites you.
* * * LOW HITPOINT WARNING * * *
The ball python barely misses you.
The ball python bites you but does no damage.
The ball python barely misses you. The bat barely misses you.
The ball python misses you. The ball python barely misses you.
The hobgoblin barely misses you.
You see here a rat corpse.
The bat attacks as it pursues you! The bat hits you.
* * * LOW HITPOINT WARNING * * *
The bat hits you.
* * * LOW HITPOINT WARNING * * *
The ball python bites you.
* * * LOW HITPOINT WARNING * * *
The ball python closely misses you. The ball python barely misses you.
The ball python completely misses you. The hobgoblin hits you.
You die...

........###############+#
........# ........#
........#
........########
$...............
######.bS......#
#.g†S.....# #.)@......#
#.$.......# #.........#
#.........# #.........#
#.........# #.........#
#.........#


You could see a hobgoblin, a bat and 2 ball pythons.

Vanquished Creatures
  A goblin (D:1)
  A hobgoblin (D:1)
  A quokka (D:1)
  A ball python (D:1)
  A rat (D:1)
5 creatures vanquished.

Notes
Turn   | Place    | Note
-------+----------+-------------------------------------------
     0 | D:1      | stipulation the Ghoul Monk began the quest for the Orb.
     0 | D:1      | Reached XP level 1. HP: 19/19 MP: 1/1
    49 | D:1      | Slain by a hobgoblin

Illustrated notes

Levels and vault maps discovered:
D:1:      tarquinn_simple_flora_water_c, layout_basic, minmay_stone_trees_small

Action                     || total
---------------------------++-------
  Melee: Unarmed           ||    11
 Armour: Robe              ||    22
  Dodge: Dodged            ||    36
